 Dungeon Crawl Stone Soup version 0.25-a0-591-g2ad0d861f1 (webtiles) character file.

Game seed: 7583207646501401679, levelgen mode: deterministic

7403 Esekla the Slicer (level 10, -24/46 HPs)
             Began as a Spriggan Artificer on Mar 14, 2020.
             Killed from afar by a fire giant (29 damage)
             ... with a bolt of fire
             ... on level 9 of the Dungeon.
             The game lasted 01:23:05 (15377 turns).

Esekla the Slicer (Spriggan Artificer)             Turns: 15377, Time: 01:23:06

Health: -24/46     AC:  5    Str:  8    XL:     10   Next: 92%
Magic:  22/22      EV: 41    Int: 16    God:
Gold:   564        SH:  0    Dex: 17    Spells: 9/23 levels left

rFire    . . .     SeeInvis +   v - +4 short sword (venom)
rCold    . . .     Gourm    .   (shield restricted)
rNeg     . . .     Faith    .   b - +0 robe
rPois    +         Spirit   .   (helmet restricted)
rElec    .         Reflect  .   S - +2 cloak
rCorr    .         Harm     .   (gloves unavailable)
MR       ++...                  (boots unavailable)
Stlth    ++++......             A - amulet of the acrobat
HPRegen  0.15/turn              g - ring of protection from magic
MPRegen  0.18/turn              x - ring of poison resistance

@: acrobat, very quick
A: very small, unfitting armour, see invisible, herbivore, speed 3, slow
metabolism 2
a: no special abilities


You were on level 9 of the Dungeon.
You were not hungry.

You visited 1 branch of the dungeon, and saw 11 of its levels.
You also visited: Ossuary.

You collected 564 gold pieces.

Inventory:

Hand Weapons
 v - a +4 short sword of venom (weapon)
 L - a +3 falchion
 X - a +1 rapier of speed
Missiles
 o - 7 poisoned darts (quivered)
 s - 10 boomerangs
Armour
 b - a +0 robe (worn)
 k - a cursed +0 leather armour
 y - a cursed +0 leather armour
 z - a +0 leather armour
 E - a +0 leather armour
 R - a +0 leather armour
 S - a +2 cloak (worn)
 V - a cursed +0 leather armour
 W - a +0 leather armour
Jewellery
 g - a ring of protection from magic (left hand)
 q - an uncursed ring of ice
 u - an uncursed ring of protection from cold
 x - a ring of poison resistance (right hand)
 A - an amulet of the acrobat (around neck)
 G - an uncursed ring of ice
 P - an uncursed ring of ice
Wands
 c - a wand of flame (27)
 d - a wand of enslavement (15)
 e - a wand of random effects (15)
 t - a wand of iceblast (12)
 B - a wand of clouds (6)
 N - a wand of polymorph (8)
Scrolls
 j - 9 scrolls of remove curse
 m - 13 scrolls of teleportation
 p - 2 scrolls of amnesia
 D - 3 scrolls of random uselessness {unknown}
 F - a scroll of vulnerability {unknown}
 H - a scroll of magic mapping
 J - a scroll of noise {unknown}
 K - 3 scrolls of blinking {unknown}
 M - a scroll of brand weapon {unknown}
 Q - a scroll of enchant armour {unknown}
Potions
 a - 4 potions of haste
 h - 4 potions of brilliance
 i - 5 potions of heal wounds
 l - 2 potions of flight
 n - 2 potions of curing
 r - 2 potions of might {unknown}
 w - 3 potions of degeneration
 C - 2 potions of mutation {unknown}
 I - a potion of cancellation {unknown}
 O - a potion of ambrosia {unknown}
 U - a potion of invisibility {unknown}
 Y - a potion of lignification {unknown}
Comestibles
 f - 10 rations


   Skills:
 + Level 2.1 Fighting
 * Level 11.5 Short Blades
 + Level 3.9 Throwing
 * Level 10.7 Dodging
 + Level 7.3 Stealth
 * Level 7.3 Spellcasting
 * Level 4.0 Necromancy
 * Level 2.8 Transmutations
 * Level 1.7 Earth Magic
 - Level 4.0 Evocations


You had 9 spell levels left.
You knew the following spells:

 Your Spells              Type           Power        Failure   Level  Hunger
d - Vampiric Draining     Necr           ###.......   7%          3    ##.....
l - Lee's Rapid Deconstr  Erth           ##........   85%         5    #####..
p - Passwall              Tmut/Erth      ##......     7%          2    None
u - Dispel Undead         Necr           ###.....     22%         4    ####...

Your spell library contained the following spells:

 Spells                   Type           Power        Failure   Level  Hunger
 Animate Skeleton         Necr           N/A          2%          1    None
 Pain                     Necr           ###.         2%          1    None
 Beastly Appendage        Tmut           ###...       3%          1    None
 Sticks to Snakes         Tmut           ###.....     5%          2    None
 Sandblast                Erth           ##....       6%          1    None
 Freeze                   Ice            #...         12%         1    None
 Spider Form              Tmut/Pois      ##........   21%         3    ##.....
 Animate Dead             Necr           N/A          22%         4    ####...
 Stone Arrow              Conj/Erth      #.....       26%         3    ##.....
 Petrify                  Tmut/Erth      ##......     43%         4    ####...
 Agony                    Necr           ###.....     52%         5    #####..
 Ice Form                 Ice/Tmut       ##......     54%         4    ####...
 Blade Hands              Tmut           ###.......   71%         5    #####..
 Simulacrum               Ice/Necr       ##........   100%        6    #######


Dungeon Overview and Level Annotations

Branches:
Dungeon (11/15)            Temple (0/1) D:6         Ossuary (visited)
   Lair: D:8-11         Orc: D:9-12

Altars:
Cheibriados
Dithmenos
Fedhas
Gozag
Hepliaklqana
Kikubaaqudgha
Makhleb
Nemelex Xobeh
Okawaru
Trog
Vehumet
Xom

Shops:
D:11 }

Annotations:
D:4 Ijyb
D:6 Menkaure
D:8 Joseph
D:9 exclusion: orange crystal statue


Innate Abilities, Weirdness & Mutations

You are very small and have problems with some larger weapons.
You are too small for most types of armour.
You have supernaturally acute eyesight. (SInv)
You are a herbivore.
You cover ground extremely quickly.
You need to consume almost no food.


Message History

There is a stone staircase leading up here.
Unknown command.
The four-headed hydra roars!
Press: ? - help, v - describe, . - travel A crystal wall.
There is an open door here.
Really walk into that teleport trap?
Okay, then.
You see here an arrow.
Things that are here:
21 arrows; a +0 shortbow You hit the fire giant but do no damage.
The fire giant gestures at you while chanting.
The bolt of fire hits you!!!
Ouch! That really hurt!
* * * LOW HITPOINT WARNING * * *
The fire giant points at you and mumbles some strange words.
The bolt of fire hits you!!
Ouch! That really hurt!
You die...

#........#### #...# #..#
#...........# ##..# #..#####
#...........# #..# #.......
#...........# #..# #.......
#.......C...# #..# #.......
#...........# #..# #..#####
#...........# #..###..#
#...........#####.......#
#####...........@...........#####
................####.............
................# #.....).......
.......#######..# #.............
#####..# #<.# #............. #..#
#..# #............. #####..#
#..####.............
.......#######..........[........
.................................


You could see a fire giant.

Vanquished Creatures
  An unseen horror (D:10)
  A deep elf mage (D:9)
  A troll (D:9)
  2 hippogriffs
  A yak (D:9)
  2 wraiths
  2 wyverns
  A human (D:9)
  2 steam dragons (D:9)
  Duvessa (D:4)
  A water moccasin (D:5)
  2 orc warriors
  An ice beast (D:9)
  2 sky beasts (D:7)
  A phantom (D:9)
  6 centaurs
  7 ogres
  A crocodile (D:8)
  5 bullfrogs
  A wyvern zombie (D:8)
  6 scorpions
  Dowan (D:4)
  12 killer bees
  3 howler monkeys (D:9)
  6 crimson imps
  7 jellies
  A centaur skeleton (D:7)
  A human zombie (Ossuary)
  2 orc priests
  2 bullfrog skeletons
  2 centaur zombies
  Crazy Yiuf (D:3)
  3 hounds
  5 orc wizards
  3 iguanas
  5 worker ants
  2 hound zombies
  A hound skeleton (D:4)
  3 mummies (Ossuary)
  A howler monkey skeleton (D:5)
  A worker ant zombie (D:8)
  7 gnolls
  9 adders
  A shadow imp (D:6)
  2 oozes
  2 adder skeletons
  5 worms
  3 dart slugs
  5 leopard geckos
  A leopard gecko (shapeshifter) (D:9)
  23 orcs
  7 bats
  7 giant cockroaches
  6 goblins
  6 hobgoblins
  17 jackals
  3 quokkas
  4 frilled lizards
  A gnoll zombie (Ossuary)
  5 goblin zombies (Ossuary)
  2 hobgoblin zombies (Ossuary)
  A jackal zombie (D:5)
  9 kobolds
  4 kobold zombies (Ossuary)
  A quokka skeleton (D:5)
  2 quokka zombies (D:6)
  5 rats
247 creatures vanquished.

Notes
Turn   | Place    | Note
-------+----------+-------------------------------------------
     0 | D:1      | Esekla the Spriggan Artificer began the quest for the Orb.
     0 | D:1      | Reached XP level 1. HP: 9/9 MP: 4/4
   310 | D:1      | Reached XP level 2. HP: 14/14 MP: 6/6
   868 | D:1      | Reached skill level 2 in Short Blades
   930 | D:1      | Reached XP level 3. HP: 9/17 MP: 7/7
  1401 | D:2      | Reached skill level 1 in Spellcasting
  2119 | D:3      | Reached skill level 3 in Short Blades
  2119 | D:3      | Reached XP level 4. HP: 9/21 MP: 8/8
  2578 | D:4      | Found a shadowy altar of Dithmenos.
  2578 | D:4      | Noticed a phantom
  3432 | D:3      | Found a runed translucent door.
  3433 | D:3      | Noticed Crazy Yiuf
  3520 | D:3      | Killed Crazy Yiuf
  3520 | D:3      | Reached skill level 4 in Short Blades
  3520 | D:3      | Reached skill level 5 in Dodging
  3520 | D:3      | Reached XP level 5. HP: 5/25 MP: 9/9
  4215 | D:4      | Noticed Duvessa
  4216 | D:4      | Noticed Dowan
  4985 | D:4      | Found a radiant altar of Vehumet.
  5416 | D:4      | Killed Dowan
  5416 | D:4      | Reached XP level 6. HP: 20/29 MP: 10/10
  5468 | D:4      | Killed Duvessa
  5468 | D:4      | Reached skill level 5 in Short Blades
  5566 | D:4      | Found an opulent altar of Gozag.
  5571 | D:4      | Noticed Ijyb
  5794 | D:5      | Entered Level 5 of the Dungeon
  5836 | D:5      | Noticed a water moccasin
  6371 | D:5      | Found a snail-covered altar of Cheibriados.
  6435 | D:5      | Reached skill level 6 in Short Blades
  6435 | D:5      | Reached XP level 7. HP: 27/32 MP: 11/11
  6918 | D:5      | Found an ancient bone altar of Kikubaaqudgha.
  6947 | D:5      | Found a transporter.
  6958 | D:5      | Found a transporter.
  7390 | D:6      | Found a staircase to the Ecumenical Temple.
  7516 | D:6      | Reached skill level 7 in Short Blades
  7548 | D:6      | Found a sand-covered staircase.
  7573 | Ossuary  | Entered an ossuary
  7573 | Ossuary  | Noticed a wraith
  7573 | Ossuary  | Noticed a wraith
  7573 | Ossuary  | Noticed a wraith
  7928 | Ossuary  | Noticed a wraith
  8308 | Ossuary  | Killed a wraith
  8308 | Ossuary  | Reached XP level 8. HP: 37/37 MP: 14/14
  8837 | D:5      | Reached skill level 8 in Short Blades
  8999 | D:6      | Noticed Menkaure
  9104 | D:7      | Found a burning altar of Makhleb.
  9147 | D:7      | Reached skill level 1 in Throwing
  9493 | D:7      | Reached skill level 5 in Stealth
  9683 | D:6      | Reached skill level 9 in Short Blades
  9796 | D:6      | Reached XP level 9. HP: 31/40 MP: 17/17
 10017 | D:6      | Reached skill level 5 in Spellcasting
 10650 | D:7      | Learned a level 3 spell: Vampiric Draining
 10678 | D:7      | Found a shimmering altar of Xom.
 10965 | D:7      | Found a blossoming altar of Fedhas.
 10987 | D:7      | Reached skill level 10 in Short Blades
 10987 | D:7      | Reached skill level 1 in Necromancy
 10995 | D:7      | Reached skill level 1 in Fighting
 11026 | D:7      | Found a hazy altar of Hepliaklqana.
 11475 | D:8      | Found a bloodstained altar of Trog.
 11656 | D:8      | Found an iron altar of Okawaru.
 11853 | D:8      | Identified the Guide on Stolen Souls and the Snowflakes
 11860 | D:8      | Learned a level 4 spell: Dispel Undead
 11919 | D:8      | Noticed Joseph
 12120 | D:9      | Noticed an orange crystal statue
 12198 | D:9      | Noticed a gargoyle
 12231 | D:9      | Reached XP level 10. HP: 45/45 MP: 20/20
 12907 | D:9      | Reached skill level 10 in Dodging
 13115 | D:9      | Noticed a four-headed hydra
 13187 | D:9      | Noticed a death knight
 13409 | D:10     | Entered Level 10 of the Dungeon
 13603 | D:9      | Reached skill level 11 in Short Blades
 13859 | D:10     | Found a sparkling altar of Nemelex Xobeh.
 13980 | D:10     | Learned a level 2 spell: Passwall
 13986 | D:10     | Learned a level 5 spell: Lee's Rapid Deconstruction
 14348 | D:10     | Reached skill level 1 in Transmutations
 14426 | D:11     | Found Xyac's Gadget Shoppe.
 14426 | D:11     | Noticed a two-headed ogre
 14488 | D:10     | Noticed an unseen horror
 14506 | D:10     | Killed an unseen horror
 14506 | D:10     | Reached skill level 1 in Earth Magic
 14965 | D:9      | Noticed a deep elf mage
 14967 | D:9      | Noticed a fire giant
 15001 | D:9      | Killed a deep elf mage
 15377 | D:9      | Killed from afar by a fire giant

Levels and vault maps discovered:
D:1:      sevenhm_arrival_forest_fort_small_4, layout_basic
D:2:      layout_loops_ring, first_ration
D:3:      layout_loops_ring, uniq_crazy_yiuf_cottage
D:4:      layout_basic, vehumet_altar_wand_db, nicolae_overflow_hidden_temple,
          grunt_dithmenos_shadows, uniq_duvessa, uniq_ijyb
D:5:      layout_loops_ring, slow_altar_1, gammafunk_temple_overflow_arena,
          st_stairs_10
D:6:      layout_basic, minmay_temple_entry_antechambers, enter_ossuary_4,
          uniq_menkaure
D:7:      layout_loops_corners, kennysheep_mini, kennysheep_little_box,
          basic_altar, fedhas_bush_and_centaur_altar
D:8:      layout_basic, lemuel_round_altar, basic_altar, uniq_joseph
D:9:      minmay_sliced_demisemicircle, layout_small_grid, grunt_pizzeria,
          minivault_16
D:10:     layout_cave_pools, gammafunk_ghost_icy,
          nemelex_xobeh_ov_fountains_minmay
D:11:     layout_cave_pools, lair_entry_dummy, serial_shops, shop

Skill      XL: |  1  2  3  4  5  6  7  8  9 10 |
---------------+-------------------------------+-----
Dodging        | 4 5 6 7 8 9 10 | 10.7
Short Blades   | 2 3 4 6 7 9 10 11 | 11.5
Spellcasting   | 1 2 3 4 6 7 |  7.3
Stealth        | 2 3 5 6 7 |  7.3
Throwing       | 2 3 |  3.9
Necromancy     | 2 4 |  4.0
Fighting       | 1 2 |  2.1
Transmutations | 2 |  2.8
Earth Magic    | 1 |  1.7
Evocations     | |  4.0

Action                   |  1- 3 |  4- 6 |  7- 9 | 10-12 || total
-------------------------+-------+-------+-------+-------++-------
Melee: Short sword       |   167 |   227 |   462 |   183 ||  1039
Throw: Dart              |       |     4 |    57 |     8 ||    69
 Cast: Vampiric Draining |       |       |     9 |     2 ||    11
       Dispel Undead     |       |       |       |     8 ||     8
  Use: Scroll            |       |     3 |     7 |     3 ||    13
       Potion            |       |     1 |     2 |       ||     3
 Stab: Sleeping          |     4 |     4 |    10 |     4 ||    22
       Distracted        |       |       |     1 |       ||     1
  Eat: Ration            |       |     2 |     3 |     3 ||     8
Armor: Robe              |    15 |    16 |    18 |     5 ||    54
Dodge: Dodged            |   140 |   133 |   287 |   177 ||   737

Table legend:
 A = Non-vault XP
 B = Vault XP
 C = Vault XP percentage of total XP
 D = Non-vault monster count
 E = Vault monster count
 F = Vault count percentage of total count
                 A         B        C        D         E       F
            +---------+---------+-------+---------+---------+-------
      Total |    8044 |    2533 |  23.9 |     207 |      40 |  16.2
            +---------+---------+-------+---------+---------+-------
        D:1 |      52 |       0 |   0.0 |      23 |       0 |   0.0
        D:2 |      78 |       0 |   0.0 |      21 |       0 |   0.0
        D:3 |     106 |      40 |  27.4 |      29 |       1 |   3.3
        D:4 |     131 |     213 |  61.9 |       4 |       3 |  42.9
        D:5 |     476 |     252 |  34.6 |      20 |       7 |  25.9
        D:6 |     834 |       2 |   0.2 |      13 |       2 |  13.3
        D:7 |    1606 |     112 |   6.5 |      43 |       1 |   2.3
        D:8 |     487 |       0 |   0.0 |       9 |       0 |   0.0
        D:9 |    1652 |    1600 |  49.2 |      20 |       9 |  31.0
       D:10 |    2622 |       0 |   0.0 |      25 |       0 |   0.0
    Ossuary |       0 |     314 | 100.0 |       0 |      17 | 100.0
            +---------+---------+-------+---------+---------+-------
